 Dungeon Crawl Stone Soup version 0.22-a0-246-gdc04c06 (webtiles) character file.

47530 RoseArtemis the Slicer (level 14, -25/195 HPs)
             Began as a Minotaur Fighter on Feb 22, 2018.
             Was a High Priest of Dithmenos.
             Killed from afar by a fire dragon (56 damage)
             ... with a blast of flame
             ... on level 6 of the Lair of Beasts.
             The game lasted 01:06:13 (22471 turns).

RoseArtemis the Slicer (Minotaur Fighter)          Turns: 22471, Time: 01:06:14

Health: -25/195    AC: 34    Str: 23    XL:     14   Next: 8%
Magic:  13/13      EV:  2    Int:  6    God:    Dithmenos [*****.]
Gold:   492        SH: 16    Dex: 12    Spells: 13/13 levels left

rFire    . . .     SeeInvis .   a - +1 rapier (protect)
rCold    . . .     Gourm    .   c - +0 shield
rNeg     + + +     Faith    .   (armour currently unavailable)
rPois    +         Spirit   .   (helmet currently unavailable)
rElec    .         Reflect  +   (cloak currently unavailable)
rCorr    .         Harm     .   (gloves currently unavailable)
MR       +....     NoTele   +   (boots currently unavailable)
Stlth    ++++++....             X - +5 amulet of reflection
HPRegen  0.42/turn              j - +5 ring of evasion
MPRegen  0.13/turn              x - ring of stealth

@: lethally poisoned (-25 -> -25), tree-form, protection aura, very slightly
contaminated, wreathed by umbra
A: (retaliatory headbutt)
a: Shadow Step, Shadow Form, Renounce Religion


You were on level 6 of the Lair of Beasts.
You worshipped Dithmenos.
Dithmenos was extremely pleased with you.
You were not hungry.
You were a tree.
You visited 3 branches of the dungeon, and saw 17 of its levels.

You collected 1270 gold pieces.
You spent 778 gold pieces at shops.

Inventory:

Hand Weapons
 a - a +1 rapier of protection (weapon)
 b - a +3 triple crossbow
 S - the cursed +2 scimitar "Kenou" {protect, *Noise rN+ Dex+4 Stlth+, unknown}
   (You found it on level 3 of the Lair of Beasts)

   It protects the one who uses it against injury (+AC on strike).
   It affects your dexterity (+4).
   It protects you from negative energy.
   It may make noises in combat.
   It makes you more stealthy.
   It has a curse placed upon it.
Missiles
 O - 227 bolts
Armour
 c - a +0 shield (worn)
 r - a +2 pair of gloves (melded)
 K - a +9 plate armour of ponderousness (melded)
 P - a +2 pair of boots (melded)
Jewellery
 i - an uncursed ring of protection from cold
 j - a +5 ring of evasion (left branch)
 x - a ring of stealth (right branch)
 C - an uncursed ring of magical power
 L - a +3 ring of protection
 X - a +5 amulet of reflection (around neck)
Wands
 o - a wand of paralysis (14)
 q - a wand of flame (180)
 B - a wand of iceblast (10)
 W - a wand of digging (15)
Scrolls
 e - 7 scrolls of teleportation
 p - 3 scrolls of remove curse
 t - 4 scrolls of magic mapping
 u - 3 scrolls of enchant weapon
 v - 4 scrolls of fog
 w - 4 scrolls of enchant armour
 D - a scroll of amnesia {unknown}
 J - a scroll of random uselessness {unknown}
 R - a scroll of summoning {unknown}
 V - a scroll of holy word {unknown}
 Y - a scroll of fear {unknown}
Potions
 d - a potion of might
 h - 2 potions of resistance {unknown}
 k - 3 potions of flight
 s - 2 potions of ambrosia {unknown}
 z - 12 potions of curing
 A - 2 potions of agility {unknown}
 H - 2 potions of haste {unknown}
 M - 4 potions of brilliance {unknown}
 Q - a potion of heal wounds {unknown}
 T - 2 potions of mutation {unknown}
 U - a potion of magic {unknown}
Comestibles
 f - 37 rations
 g - 4 chunks of flesh


   Skills:
 + Level 13.7 Fighting
 - Level 14.0 Short Blades
 * Level 11.0 Crossbows
 + Level 11.3 Armour
 + Level 9.8 Dodging
 - Level 5.0 Stealth
 - Level 7.0 Shields


You had 13 spell levels left.
You didn't know any spells.

Dungeon Overview and Level Annotations

Branches:
Dungeon (10/15)            Temple (1/1) D:7            Lair (6/6) D:10
  Swamp (0/4) Lair:2        Snake (0/4) Lair:2        Slime (0/5) Lair:5
    Orc: D:9-12

Altars:
Ashenzari
Cheibriados
Dithmenos
Elyvilon
Fedhas
Gozag
Kikubaaqudgha
Makhleb
Nemelex Xobeh
Okawaru
Qazlal
Ru
Sif Muna
Trog
Uskayaw
Vehumet
Wu Jian
Xom
Yredelemnul
Zin
Jiyva

Shops:
D:4 [(

Annotations:
D:9 Gastronok
Lair:5 1 runed door, exclusion: door
Lair:6 exclusion: oklob plant


Innate Abilities, Weirdness & Mutations

((You reflexively headbutt those who attack you in melee.))
((You have a pair of horns on your head.))


Message History

You barely miss the fire dragon.
The fire dragon is moderately wounded.
The swamp dragon bites you but does no damage.
The swamp dragon claws you.
* * * LOW HITPOINT WARNING * * *
You block the swamp dragon's attack.
The fire dragon bites you but does no damage.
You block the fire dragon's attack.
The fire dragon tramples you but does no damage.
You completely miss the fire dragon.
The fire dragon is moderately wounded.
You block the swamp dragon's attack.
The swamp dragon claws you but does no damage.
The swamp dragon tramples you but does no damage.
Your shield prevents you from hitting the fire dragon.
The fire dragon is moderately wounded.
You feel sick. The fire dragon breathes flames at you.
Helpless, you fail to dodge the blast of flame.
You die...

♣♣.♣♣ ## ♣≈ .
♣.≈♣♣ ≈.♣♣. ♣♣≈.♣
♣♣♣...♣ ♣.≈≈♣
♣≈.≈..♣ ♣♣..♣♣
♣≈≈..♣♣♣≈...♣
♣≈≈..♣♣≈.≈♣♣
♣.≈D♣♣≈.♣.P♣
♣♣♣≈≈.♣♣.♣♣
♣♣D)≈≈P.P♣
♣♣≈≈P...♣
.≈≈≈..!..
♣≈..♣.♣♣
♣♣♣.≈≈..(?
♣♣≈...♣♣
♣.≈≈≈≈.$$
♣♣≈≈...♣
...≈≈..♣♣♣.≈...♣♣
♣.≈≈≈§♣♣≈≈P..♣♣
♣..≈.♣♣D≈..♣♣♣


You could see a fire dragon and a swamp dragon.

Vanquished Creatures
  7 hydras
  Erica (D:9)
  A tengu warrior (D:9)
  3 two-headed ogres
  3 death yaks (Lair:4)
  Pikel (D:9)
  A wolf spider (Lair:6)
  2 cyclopes (D:9)
  5 elephants (Lair:5)
  A manticore (D:10)
  12 black mambas
  Joseph (D:9)
  A centaur zombie (D:10)
  The ghost of ThereIsNoGod the Thaumaturge, a novice SpVM of Gozag (D:5)
  A guardian serpent (Lair:6)
  Psyche (D:9)
  2 gargoyles
  14 spiny frogs
  3 rime drakes
  9 komodo dragons
  4 kobold demonologists
  A komodo dragon (shapeshifter) (D:9)
  The ghost of Amnesiac the Charlatan, a novice KoAr (D:4)
  2 trolls
  2 hornets (Lair:6)
  2 polar bears (Lair:6)
  4 blink frogs (Lair:4)
  8 hippogriffs
  A shadow (D:10)
  10 wyverns
  3 redbacks (Lair:6)
  Eustachio (D:5)
  20 yaks
  4 basilisks
  4 hungry ghosts
  A steam dragon (Lair:6)
  3 nagas (Lair:2)
  Edmund (D:5)
  21 water moccasins
  A soldier ant (shapeshifter) (D:9)
  8 porcupines
  3 orc warriors
  A swamp drake (Lair:6)
  2 black bears
  A necrophage (D:8)
  3 sky beasts (D:8)
  4 phantoms
  8 wolves
  2 centaurs
  4 ogres
  11 crocodiles
  8 bullfrogs
  5 big kobolds
  A scorpion (D:7)
  5 killer bees
  4 electric eels
  3 howler monkeys
  2 crimson imps (D:10)
  A bullfrog zombie (D:8)
  2 jellies
  5 hounds
  3 bullfrog skeletons
  6 orc priests
  8 orc wizards
  A centaur skeleton (D:7)
  Jessica (D:2)
  Ijyb (D:5)
  2 iguanas (Lair:2)
  6 worker ants
  2 hound skeletons
  2 howler monkey skeletons
  2 worker ant zombies
  12 gnolls
  9 adders
  2 shadow imps (D:7)
  3 oozes
  An adder skeleton (D:5)
  A worm (D:2)
  2 dart slugs
  4 leopard geckos
  46 orcs
  4 giant cockroaches
  13 goblins
  16 hobgoblins
  17 jackals
  24 kobolds
  5 quokkas
  2 ball pythons
  A ball python zombie (D:5)
  9 bats
  4 frilled lizards
  A leopard gecko skeleton (D:9)
  6 rats
463 creatures vanquished.

Vanquished Creatures (others)
  Nessos (Lair:5)
  A swamp drake (Lair:6)
  A slave (D:9)
  A giant cockroach zombie (D:5)
  16 fungi (Lair:6)
  60 plants
80 creatures vanquished.

Grand Total: 543 creatures vanquished

Notes
Turn   | Place    | Note
-------+----------+-------------------------------------------
     0 | D:1      | RoseArtemis the Minotaur Fighter began the quest for the Orb.
     0 | D:1      | Reached XP level 1. HP: 19/19 MP: 0/0
   278 | D:1      | Reached XP level 2. HP: 27/27 MP: 1/1
   511 | D:1      | Reached skill level 3 in Short Blades
   529 | D:1      | Reached XP level 3. HP: 33/33 MP: 2/2
  1015 | D:2      | Noticed Jessica
  1020 | D:2      | Killed Jessica
  1020 | D:2      | Reached XP level 4. HP: 34/40 MP: 3/3
  1963 | D:3      | Found a sacrificial altar of Ru.
  1965 | D:3      | Found a stormy altar of Qazlal.
  2369 | D:3      | Found a sparkling altar of Nemelex Xobeh.
  2717 | D:4      | Reached skill level 4 in Short Blades
  2717 | D:4      | Reached XP level 5. HP: 47/47 MP: 4/4
  3090 | D:4      | Reached XP level 6. HP: 55/55 MP: 5/5
  3095 | D:4      | Noticed Amnesiac's ghost (novice KoAr)
  3105 | D:4      | Reached skill level 5 in Armour
  3114 | D:4      | Killed Amnesiac's ghost
  3114 | D:4      | Reached skill level 5 in Fighting
  3114 | D:4      | Reached skill level 5 in Short Blades
  3114 | D:4      | Reached skill level 5 in Shields
  3156 | D:4      | Noticed a hungry ghost
  3174 | D:4      | Killed a hungry ghost
  3174 | D:4      | Reached skill level 6 in Short Blades
  3174 | D:4      | Reached XP level 7. HP: 51/61 MP: 6/6
  3391 | D:4      | Found Uguwkup's Armour Emporium.
  3442 | D:4      | Found Arakeh's Weapon Emporium.
  4183 | D:5      | Entered Level 5 of the Dungeon
  4187 | D:5      | Got a polished whip
  4258 | D:5      | Noticed Eustachio
  4337 | D:6      | Reached skill level 7 in Short Blades
  4397 | D:5      | Killed Eustachio
  4420 | D:5      | Reached XP level 8. HP: 68/68 MP: 7/7
  4441 | D:5      | Reached skill level 8 in Short Blades
  4510 | D:5      | Noticed Ijyb
  4520 | D:5      | Killed Ijyb
  4889 | D:5      | Noticed ThereIsNoGod's ghost (novice SpVM)
  4916 | D:5      | Killed ThereIsNoGod's ghost
  4916 | D:5      | Reached skill level 9 in Short Blades
  4938 | D:5      | Noticed Edmund
  4959 | D:5      | Killed Edmund
  4959 | D:5      | Reached skill level 10 in Short Blades
  5337 | D:5      | Reached skill level 1 in Dodging
  5450 | D:5      | Found an opulent altar of Gozag.
  5904 | D:6      | Reached XP level 9. HP: 75/75 MP: 8/8
  6194 | D:6      | Noticed a troll
  6203 | D:6      | Killed a troll
  7233 | D:7      | Found a staircase to the Ecumenical Temple.
  7677 | D:7      | Found an ancient bone altar of Kikubaaqudgha.
  7678 | D:7      | Found a glowing silver altar of Zin.
  7736 | D:7      | Reached skill level 1 in Stealth
  7742 | D:7      | Noticed a kobold demonologist
  7742 | D:7      | Noticed a kobold demonologist
  7742 | D:7      | Noticed a kobold demonologist
  7743 | D:7      | Noticed a rust devil
  7747 | D:7      | Noticed a red devil
  7756 | D:8      | Noticed a two-headed ogre
  7775 | D:8      | Killed a two-headed ogre
  7775 | D:8      | Reached skill level 11 in Short Blades
  8042 | Temple   | Entered the Ecumenical Temple
  8111 | Temple   | Became a worshipper of Dithmenos the Shadowed
  8134 | D:8      | Noticed a two-headed ogre
  8237 | D:7      | Killed a two-headed ogre
  8237 | D:7      | Reached skill level 5 in Dodging
  8237 | D:7      | Reached XP level 10. HP: 13/88 MP: 9/9
  8656 | D:7      | Reached * piety under Dithmenos
  9487 | D:7      | Noticed a smoke demon
  9496 | D:7      | Noticed a sun demon
  9852 | D:4      | Bought a +8 plate armour of ponderousness for 400 gold pieces
 10270 | D:9      | Noticed Pikel
 10277 | D:9      | Killed Pikel
 10287 | D:9      | Noticed a cyclops
 10301 | D:9      | Killed a cyclops
 10301 | D:9      | Reached skill level 12 in Short Blades
 10602 | D:9      | Noticed Erica
 10619 | D:9      | Killed Erica
 10619 | D:9      | Reached XP level 11. HP: 80/97 MP: 10/10
 10855 | D:9      | Noticed Psyche
 10867 | D:9      | Killed Psyche
 10867 | D:9      | Reached skill level 5 in Stealth
 10919 | D:9      | Noticed Joseph
 10941 | D:9      | Killed Joseph
 11012 | D:9      | Reached ** piety under Dithmenos
 11076 | D:9      | Noticed Gastronok
 11480 | D:9      | Noticed a tengu warrior
 11526 | D:9      | Killed a tengu warrior
 11526 | D:9      | Reached skill level 10 in Fighting
 11577 | D:9      | Noticed a soul eater
 11591 | D:9      | Identified Qaullip's Volume of Stolen Souls and Poison
 11643 | D:10     | Entered Level 10 of the Dungeon
 11667 | D:9      | Reached skill level 13 in Short Blades
 12331 | D:10     | Noticed a two-headed ogre
 12344 | D:10     | Killed a two-headed ogre
 12826 | D:10     | Reached *** piety under Dithmenos
 13283 | D:10     | Found a staircase to the Lair.
 13427 | Lair:1   | Entered Level 1 of the Lair of Beasts
 13635 | D:4      | Bought a +3 triple crossbow for 378 gold pieces
 14199 | Lair:1   | Reached XP level 12. HP: 84/108 MP: 11/11
 14215 | Lair:1   | Reached skill level 14 in Short Blades
 14234 | Lair:1   | Reached skill level 1 in Crossbows
 15714 | Lair:2   | Found a staircase to the Swamp.
 15997 | Lair:2   | Noticed a four-headed hydra
 16011 | Lair:2   | Killed a four-headed hydra
 16453 | Lair:2   | Found a staircase to the Snake Pit.
 16551 | Lair:2   | Reached skill level 10 in Armour
 17024 | Lair:3   | Reached skill level 5 in Crossbows
 17461 | Lair:3   | Got a crude scimitar
 17685 | Lair:4   | Noticed a death yak
 17685 | Lair:4   | Noticed a death yak
 17686 | Lair:4   | Noticed a death yak
 17695 | Lair:4   | Killed a death yak
 17708 | Lair:4   | Killed a death yak
 17723 | Lair:4   | Killed a death yak
 17927 | Lair:4   | Reached **** piety under Dithmenos
 18504 | Lair:4   | Reached XP level 13. HP: 119/119 MP: 12/12
 19136 | Lair:5   | Noticed Nessos
 19150 | Lair:5   | Killed Nessos
 19266 | Lair:5   | Found a runed door.
 19267 | Lair:5   | Found a viscous altar of Jiyva.
 19270 | Lair:5   | Found a staircase to the Slime Pits.
 19952 | Lair:6   | Entered Level 6 of the Lair of Beasts
 20190 | Lair:6   | Reached ***** piety under Dithmenos
 20564 | Lair:6   | Reached skill level 10 in Crossbows
 21817 | Lair:6   | Reached XP level 14. HP: 127/130 MP: 13/13
 22471 | Lair:6   | Killed from afar by a fire dragon

Vault maps used:
D:1:      minmay_arrival_diagonal_passages
D:2:      uniq_jessica
D:3:      nicolae_overflow_hidden_temple, first_ration
D:4:      corexii_shantytown, serial_shops, shop, nicolae_shop_waterfront
D:5:      kennysheep_mini_moat, uniq_ijyb, uniq_eustachio, uniq_edmund
D:6:      minmay_misc_feat_columns
D:7:      gammafunk_temple_overflow_statue, minmay_temple_entry_from_below_a,
          minivault_10
D:9:      minmay_the_grid_triangle_9x9_rhombus_thin, uniq_joseph, uniq_psyche,
          uniq_pikel, uniq_erica, uniq_gastronok
D:10:     david_lair_shrubbed
Temple:   nicolae_temple_great_sept
Lair:1:   serial_bayou_shore_a
Lair:2:   minmay_swamp_entry_reptiles, minmay_snake_entry_guardpost_small
Lair:4:   patterned_corridor
Lair:5:   slime_altar_2, minivault_23, serial_bayou_pond_b, beast_lair_carwin_3,
          uniq_nessos
Lair:6:   hangedman_lair_tendril_chambers, guppyfry_lair_end_dragon,
          serial_bayou_lagoon_b, serial_bayou_shore_b, minmay_lair_oklob_chamber

Skill      XL: |  1  2  3  4  5  6  7  8  9 10 11 12 13 14 |
---------------+-------------------------------------------+-----
Shields        | 4 5 6 7 |  7.0
Short Blades   | 3 4 6 7 10 11 12 13 14 | 14.0
Fighting       | 4 5 8 9 10 12 13 | 13.7
Armour         | 4 5 6 8 10 11 | 11.3
Dodging        | 2 5 7 8 9 |  9.8
Stealth        | 2 4 5 |  5.0
Crossbows      | 7 10 11 | 11.0

Action                   |  1- 3 |  4- 6 |  7- 9 | 10-12 | 13-15 || total
-------------------------+-------+-------+-------+-------+-------++-------
Melee: Rapier            |    89 |   164 |   397 |   982 |   679 ||  2311
       Headbutt          |    12 |    39 |    64 |   227 |   160 ||   502
 Fire: Triple crossbow   |       |       |       |    37 |     6 ||    43
Throw: Tomahawk          |       |       |       |     2 |       ||     2
  Use: Scroll            |       |     5 |     4 |     8 |     4 ||    21
       Potion            |       |     1 |     3 |     2 |     3 ||     9
 Stab: Confused          |       |       |       |       |     2 ||     2
  Eat: Chunk             |       |     8 |    16 |    20 |     7 ||    51
       Ration            |       |       |       |     6 |     2 ||     8
Armor: Scale mail        |    37 |    31 |     7 |       |       ||    75
       Chain mail        |       |       |   118 |    28 |       ||   146
       Skin              |       |       |     9 |    59 |    65 ||   133
       Plate armour      |       |       |       |   257 |   218 ||   475
Dodge: Dodged            |    19 |    52 |   180 |   363 |   227 ||   841
Block: Shield            |    41 |    60 |   188 |   362 |   404 ||  1055
       Other             |       |       |       |       |    10 ||    10
       Reflection        |       |       |       |       |     4 ||     4

Table legend:
 A = Spawn XP
 B = Non-spawn XP
 C = Spawn XP percentage of total XP
 D = Spawn monster count
 E = Non-spawn monster count
 F = Spawn count percentage of total count
 G = Total turns spent on level
                    A         B        C        D         E        F      G
               +---------+---------+-------+---------+---------+-------+---------
         Total |       0 |   67901 |   0.0 |       0 |     465 |   0.0 | 22471
               +---------+---------+-------+---------+---------+-------+---------
           D:1 |       0 |      48 |   0.0 |       0 |      23 |   0.0 |   845
           D:2 |       0 |      75 |   0.0 |       0 |      21 |   0.0 |   826
           D:3 |       0 |      63 |   0.0 |       0 |      14 |   0.0 |  1145
           D:4 |       0 |     959 |   0.0 |       0 |      51 |   0.0 |  1763
           D:5 |       0 |    1304 |   0.0 |       0 |      30 |   0.0 |  1366
           D:6 |       0 |     979 |   0.0 |       0 |      17 |   0.0 |  1467
           D:7 |       0 |    3122 |   0.0 |       0 |      42 |   0.0 |  1989
           D:8 |       0 |    2644 |   0.0 |       0 |      37 |   0.0 |  1226
           D:9 |       0 |    6816 |   0.0 |       0 |      26 |   0.0 |  1630
          D:10 |       0 |    4854 |   0.0 |       0 |      39 |   0.0 |  1874
        Lair:1 |       0 |    3062 |   0.0 |       0 |      18 |   0.0 |  1418
        Lair:2 |       0 |    5025 |   0.0 |       0 |      21 |   0.0 |  1186
        Lair:3 |       0 |    3127 |   0.0 |       0 |      15 |   0.0 |   849
        Lair:4 |       0 |    6356 |   0.0 |       0 |      20 |   0.0 |  1174
        Lair:5 |       0 |    8184 |   0.0 |       0 |      21 |   0.0 |  1114
        Lair:6 |       0 |   21283 |   0.0 |       0 |      70 |   0.0 |  2519
               +---------+---------+-------+---------+---------+-------+---------
